General information
- name: BNet
- type: Ladder team game (AT/RT)
- host: Battle.net
- saver:
map: Cherryville
- players: 8
- length: 49:12
- speed: Fast
- version: 1.28 W3XP
- replay type: Public
» download(493 KB)
Players
team 1 (winner)
x_TRiPPiNiNjA_x (
pink | 65 APM | 3175 actions | 49:12)
4 Demon Hunter
2 Mana Burn
2 Evasion
» actions
| Assign group hotkey | 45 | |
| Basic commands | 3 | |
| Build / train | 78 | |
| ESC pressed | 4 | |
| Enter build submenu | 25 | |
| Enter hero's abilities submenu | 4 | |
| Give item / drop item | 4 | |
| Remove unit from queue | 8 | |
| Right click | 2129 | |
| Select / deselect | 385 | |
| Select group hotkey | 427 | |
| Use ability | 63 | |
3175 total
» units
| Wisp | 23 | |
| Archer | 9 | |
| Hippogryph | 10 | |
| Chimaera | 8 | |
50 total
» upgrades
| Hippogryph Taming | 1 | |
| Corrosive Breath | 1 | |
| Reinforced Hides | 1 | |
3 total
» buildings
| Altar of Elders | 1 | |
| Moon Well | 6 | |
| Ancient of War | 2 | |
| Tree of Ages | 1 | |
| Tree of Life | 3 | |
| Tree of Eternity | 2 | |
| Ancient of Wind | 1 | |
| Chimaera Roost | 2 | |
| Hunter's Hall | 1 | |
| Ancient Protector | 4 | |
| Ancient of Wonders | 1 | |
24 total
» build order
00:07 Altar of Elders
00:20 Moon Well
00:54 Ancient of War
01:10 Ancient of War
01:52 Moon Well
03:13 Tree of Ages
04:21 Tree of Life
04:43 Moon Well
05:35 Tree of Eternity
05:35 Tree of Eternity
05:38 Ancient of Wind
09:55 Chimaera Roost
09:59 Chimaera Roost
12:04 Hunter's Hall
13:35 Ancient Protector
13:44 Ancient Protector
13:47 Ancient Protector
13:56 Moon Well
15:58 Moon Well
17:46 Tree of Life
19:14 Ancient of Wonders
19:41 Moon Well
20:47 Ancient Protector
22:59 Tree of Life
» items
| Scroll of Town Portal | 3 | |
| Potion of Lesser Invulnerability | 1 | |
4 total
FREAK-DOT (
teal | 61 APM | 2992 actions | 49:12)
5 Blademaster
3 Wind Walk
2 Critical Strike
» actions
| Assign group hotkey | 29 | |
| Basic commands | 114 | |
| Build / train | 44 | |
| Enter build submenu | 14 | |
| Enter hero's abilities submenu | 6 | |
| Give item / drop item | 1 | |
| Right click | 1437 | |
| Select / deselect | 156 | |
| Select group hotkey | 1050 | |
| Use ability | 141 | |
2992 total
» units
» upgrades
| Ranged Weapons | 2 | |
| Reinforced Defenses | 1 | |
| Liquid Fire | 1 | |
4 total
» buildings
| Altar of Storms | 1 | |
| Orc Burrow | 4 | |
| War Mill | 1 | |
| Voodoo Lounge | 1 | |
| Watch Tower | 6 | |
| Stronghold | 2 | |
| Beastiary | 2 | |
| Fortress | 2 | |
19 total
» build order
00:10 Altar of Storms
00:20 Orc Burrow
00:40 War Mill
01:26 Voodoo Lounge
01:52 Watch Tower
02:13 Watch Tower
03:10 Stronghold
03:11 Stronghold
03:25 Watch Tower
03:28 Watch Tower
04:21 Orc Burrow
04:23 Orc Burrow
04:37 Orc Burrow
05:41 Beastiary
05:41 Beastiary
05:44 Fortress
05:44 Fortress
07:06 Watch Tower
10:00 Watch Tower
» items
| Healing Salve | 1 | |
| Lesser Clarity Potion | 3 | |
| Staff of Teleportation | 2 | |
| Potion of Lesser Invulnerability | 1 | |
| Scroll of Town Portal | 1 | |
| Boots of Speed | 1 | |
9 total
CHUCKsuicide (
blue | 131 APM | 5702 actions | 43:41)
7 Archmage
3 Summon Water Elemental
3 Brilliance Aura
1 Mass Teleport
6 Paladin
2 Holy Light
3 Devotion Aura
1 Resurrection
1 Mountain King
1 Storm Bolt
» actions
| Assign group hotkey | 154 | |
| Basic commands | 408 | |
| Build / train | 189 | |
| ESC pressed | 6 | |
| Enter build submenu | 53 | |
| Enter hero's abilities submenu | 15 | |
| Give item / drop item | 14 | |
| Right click | 1887 | |
| Select / deselect | 969 | |
| Select group hotkey | 1687 | |
| Use ability | 320 | |
5702 total
» units
| Peasant | 15 | |
| Footman | 7 | |
| Goblin Shredder | 2 | |
| Rifleman | 8 | |
| Priest | 4 | |
| Sorceress | 8 | |
| Flying Machine | 15 | |
| Mortar Team | 1 | |
60 total
» upgrades
| Gunpowder | 3 | |
| Masonry | 3 | |
| Long Rifles | 1 | |
| Defend | 1 | |
| Priest Training | 2 | |
| Sorceress Training | 2 | |
| Armor | 3 | |
| Magic Sentry | 1 | |
| Lumber Harvesting | 1 | |
| Flak Cannons | 1 | |
| Plating | 3 | |
| Flying Machine Bombs | 1 | |
| Fragmentation Shards | 1 | |
| Swords | 2 | |
| Flare | 1 | |
26 total
» buildings
| Altar of Kings | 1 | |
| Farm | 14 | |
| Barracks | 2 | |
| Arcane Vault | 1 | |
| Town Hall | 3 | |
| Keep | 2 | |
| Blacksmith | 1 | |
| Lumber Mill | 1 | |
| Scout Tower | 23 | |
| Castle | 2 | |
| Arcane Sanctum | 3 | |
| Arcane Tower | 9 | |
| Guard Tower | 22 | |
| Workshop | 4 | |
| Gryphon Aviary | 1 | |
89 total
» build order
00:11 Altar of Kings
00:22 Farm
00:53 Barracks
01:00 Farm
01:05 Farm
01:38 Arcane Vault
04:12 Farm
04:36 Town Hall
04:47 Farm
04:51 Farm
05:49 Keep
05:49 Keep
06:04 Blacksmith
06:07 Lumber Mill
07:32 Scout Tower
07:35 Scout Tower
07:36 Scout Tower
07:37 Scout Tower
07:38 Scout Tower
07:39 Scout Tower
08:10 Castle
08:10 Castle
08:16 Arcane Sanctum
08:19 Arcane Sanctum
08:26 Barracks
08:59 Arcane Tower
08:59 Arcane Tower
08:59 Guard Tower
08:59 Guard Tower
09:00 Guard Tower
09:01 Guard Tower
09:03 Scout Tower
09:06 Scout Tower
09:08 Scout Tower
09:30 Arcane Tower
09:42 Guard Tower
09:42 Guard Tower
09:52 Arcane Sanctum
09:54 Workshop
10:19 Gryphon Aviary
11:21 Guard Tower
11:22 Guard Tower
12:11 Farm
12:12 Farm
12:41 Workshop
15:29 Farm
15:30 Farm
15:31 Farm
15:35 Farm
15:37 Farm
22:41 Workshop
22:44 Workshop
23:27 Guard Tower
23:38 Farm
27:43 Town Hall
30:23 Scout Tower
30:24 Scout Tower
30:25 Scout Tower
30:26 Scout Tower
30:29 Scout Tower
30:31 Scout Tower
31:15 Arcane Tower
31:16 Guard Tower
31:16 Guard Tower
31:16 Guard Tower
36:10 Town Hall
36:12 Scout Tower
36:12 Scout Tower
36:14 Scout Tower
36:14 Scout Tower
36:17 Scout Tower
36:18 Scout Tower
36:20 Scout Tower
36:21 Scout Tower
36:39 Guard Tower
36:39 Guard Tower
36:39 Guard Tower
36:47 Guard Tower
36:47 Guard Tower
37:08 Arcane Tower
37:08 Arcane Tower
37:08 Arcane Tower
37:13 Arcane Tower
37:13 Arcane Tower
37:15 Guard Tower
37:15 Guard Tower
37:17 Guard Tower
37:17 Guard Tower
37:17 Guard Tower
» items
| Scroll of Regeneration | 7 | |
| Mechanical Critter | 11 | |
| Healing Salve | 2 | |
| Periapt of Vitality | 2 | |
| Staff of Teleportation | 1 | |
| Staff of Sanctuary | 1 | |
| Orb of Fire | 1 | |
| Potion of Healing | 2 | |
| Scroll of Town Portal | 3 | |
| Circlet of Nobility | 1 | |
31 total
Anthony (
green | 39 APM | 1905 actions | 49:12)
4 Blademaster
2 Wind Walk
2 Mirror Image
4 Shadow Hunter
2 Healing Wave
2 Hex
» actions
| Assign group hotkey | 8 | |
| Basic commands | 6 | |
| Build / train | 73 | |
| Enter build submenu | 43 | |
| Enter hero's abilities submenu | 8 | |
| Give item / drop item | 2 | |
| Remove unit from queue | 2 | |
| Right click | 1202 | |
| Select / deselect | 419 | |
| Select group hotkey | 1 | |
| Use ability | 141 | |
1905 total
» units
| Peon | 26 | |
| Grunt | 7 | |
| Troll Witch Doctor | 2 | |
| Raider | 2 | |
37 total
» upgrades
| Armor | 1 | |
| Pillage | 1 | |
| Witch Doctor Training | 1 | |
| Melee Weapons | 1 | |
| Spiked Barricades | 1 | |
5 total
» buildings
| Altar of Storms | 2 | |
| Orc Burrow | 10 | |
| Barracks | 2 | |
| Voodoo Lounge | 5 | |
| War Mill | 3 | |
| Stronghold | 3 | |
| Watch Tower | 8 | |
| Fortress | 2 | |
| Spirit Lodge | 1 | |
| Beastiary | 1 | |
| Great Hall | 3 | |
40 total
» build order
00:11 Altar of Storms
00:21 Orc Burrow
01:12 Barracks
01:36 Orc Burrow
01:56 Voodoo Lounge
02:06 Voodoo Lounge
03:13 War Mill
04:38 Stronghold
04:42 Orc Burrow
04:51 Watch Tower
09:54 Fortress
09:54 Fortress
09:59 Spirit Lodge
11:54 Beastiary
12:07 Great Hall
13:16 Watch Tower
13:39 Orc Burrow
15:19 Great Hall
16:31 Watch Tower
17:45 Orc Burrow
17:48 Watch Tower
17:52 Watch Tower
17:57 Watch Tower
18:52 Watch Tower
19:03 Watch Tower
22:31 War Mill
22:35 Stronghold
22:35 Stronghold
22:39 Orc Burrow
22:45 Orc Burrow
22:47 Orc Burrow
23:30 Voodoo Lounge
28:17 Altar of Storms
29:42 Barracks
32:09 Great Hall
35:51 Orc Burrow
37:21 Voodoo Lounge
37:26 War Mill
37:30 Voodoo Lounge
37:53 Orc Burrow
» items
| Healing Salve | 3 | |
| Scroll of Town Portal | 2 | |
| Circlet of Nobility | 1 | |
| Scroll of Healing | 1 | |
| Orb of Fire | 1 | |
8 total
team 2 (loser)
kyenichi (
purple | 75 APM | 3682 actions | 49:12)
5 Warden
3 Shadow Strike
2 Blink
4 Keeper of the Grove
2 Entangling Roots
2 Thorns Aura
» actions
| Assign group hotkey | 41 | |
| Basic commands | 126 | |
| Build / train | 96 | |
| ESC pressed | 2 | |
| Enter build submenu | 33 | |
| Enter hero's abilities submenu | 10 | |
| Give item / drop item | 4 | |
| Right click | 1567 | |
| Select / deselect | 905 | |
| Select group hotkey | 773 | |
| Use ability | 124 | |
3682 total
» units
| Wisp | 29 | |
| Huntress | 2 | |
| Hippogryph | 9 | |
| Chimaera | 8 | |
| Faerie Dragon | 1 | |
| Druid of the Talon | 10 | |
59 total
» upgrades
| Strength of the Wild | 3 | |
| Reinforced Hides | 3 | |
| Ultravision | 1 | |
| Druid of the Talon Training | 2 | |
| Corrosive Breath | 1 | |
| Mark of the Talon | 1 | |
| Well Spring | 1 | |
12 total
» buildings
| Altar of Elders | 1 | |
| Moon Well | 9 | |
| Ancient of War | 1 | |
| Ancient of Wonders | 2 | |
| Hunter's Hall | 1 | |
| Tree of Life | 1 | |
| Ancient Protector | 8 | |
| Tree of Ages | 1 | |
| Ancient of Wind | 3 | |
| Tree of Eternity | 1 | |
| Chimaera Roost | 3 | |
31 total
» build order
00:20 Altar of Elders
00:34 Moon Well
01:09 Ancient of War
01:39 Moon Well
01:49 Ancient of Wonders
02:36 Hunter's Hall
03:21 Tree of Life
03:42 Ancient Protector
04:00 Ancient Protector
04:07 Ancient Protector
04:20 Ancient Protector
04:53 Tree of Ages
05:10 Ancient Protector
06:06 Ancient Protector
07:23 Ancient of Wind
07:26 Ancient of Wind
07:34 Tree of Eternity
08:25 Moon Well
08:27 Moon Well
10:00 Chimaera Roost
10:02 Chimaera Roost
10:38 Chimaera Roost
11:27 Moon Well
11:56 Ancient Protector
12:02 Ancient Protector
12:58 Moon Well
13:01 Moon Well
13:49 Moon Well
23:09 Moon Well
28:48 Ancient of Wind
29:32 Ancient of Wonders
» items
| Dust of Appearance | 1 | |
| Moonstone | 1 | |
| Potion of Healing | 2 | |
| Orb of Venom | 1 | |
| Staff of Preservation | 1 | |
| Potion of Mana | 1 | |
| Scroll of Town Portal | 1 | |
| Scroll of Healing | 1 | |
| Scroll of Protection | 1 | |
10 total
fgg (
orange | 56 APM | 1674 actions | 29:57)
5 Mountain King
3 Storm Bolt
2 Bash
» actions
| Assign group hotkey | 21 | |
| Basic commands | 12 | |
| Build / train | 92 | |
| Enter build submenu | 25 | |
| Enter hero's abilities submenu | 5 | |
| Right click | 835 | |
| Select / deselect | 346 | |
| Select group hotkey | 282 | |
| Use ability | 56 | |
1674 total
» units
» upgrades
| Masonry | 3 | |
| Gunpowder | 3 | |
| Armor | 3 | |
| Lumber Harvesting | 1 | |
| Long Rifles | 1 | |
11 total
» buildings
| Altar of Kings | 1 | |
| Farm | 11 | |
| Blacksmith | 1 | |
| Barracks | 1 | |
| Scout Tower | 13 | |
| Arcane Vault | 3 | |
| Arcane Tower | 4 | |
| Lumber Mill | 1 | |
| Town Hall | 1 | |
| Keep | 1 | |
| Guard Tower | 6 | |
| Castle | 1 | |
44 total
» build order
00:39 Altar of Kings
00:43 Farm
01:17 Blacksmith
01:44 Farm
01:55 Barracks
02:20 Scout Tower
02:37 Farm
02:42 Scout Tower
02:58 Arcane Vault
03:06 Arcane Vault
03:09 Arcane Tower
03:23 Lumber Mill
04:38 Farm
05:24 Farm
05:26 Farm
07:02 Scout Tower
07:18 Scout Tower
07:24 Town Hall
07:49 Arcane Tower
07:56 Arcane Tower
08:34 Scout Tower
08:34 Scout Tower
08:36 Scout Tower
08:36 Scout Tower
08:38 Scout Tower
09:28 Scout Tower
09:30 Scout Tower
09:41 Keep
09:51 Guard Tower
10:12 Guard Tower
10:29 Arcane Tower
11:01 Scout Tower
11:01 Scout Tower
11:37 Guard Tower
11:42 Guard Tower
11:50 Guard Tower
13:47 Castle
13:50 Farm
13:51 Farm
13:52 Farm
16:24 Arcane Vault
19:49 Farm
19:51 Farm
23:22 Guard Tower
» items
| Scroll of Regeneration | 3 | |
| Lesser Clarity Potion | 3 | |
| Scroll of Town Portal | 3 | |
| Orb of Fire | 1 | |
10 total
CyberWarlord (
red | 77 APM | 3800 actions | 49:12)
9 Blademaster
3 Wind Walk
3 Critical Strike
1 Bladestorm
2 Mirror Image
» actions
| Assign group hotkey | 114 | |
| Basic commands | 267 | |
| Build / train | 96 | |
| Enter build submenu | 63 | |
| Enter hero's abilities submenu | 9 | |
| Give item / drop item | 14 | |
| Right click | 1732 | |
| Select / deselect | 452 | |
| Select group hotkey | 803 | |
| Use ability | 249 | |
3800 total
» units
| Peon | 8 | |
| Grunt | 4 | |
| Goblin Shredder | 2 | |
| Troll Batrider | 13 | |
| Wind Rider | 14 | |
| Goblin Sapper | 4 | |
| Goblin Zeppelin | 1 | |
46 total
» upgrades
| Reinforced Defenses | 1 | |
| Troll Regeneration | 1 | |
| Ranged Weapons | 3 | |
| Liquid Fire | 1 | |
| Armor | 3 | |
| Ensnare | 1 | |
| Melee Weapons | 2 | |
| Pillage | 1 | |
| Spiked Barricades | 2 | |
| Burning Oil | 1 | |
16 total
» buildings
| Orc Burrow | 8 | |
| Altar of Storms | 1 | |
| Barracks | 7 | |
| Voodoo Lounge | 2 | |
| War Mill | 2 | |
| Great Hall | 4 | |
| Stronghold | 1 | |
| Watch Tower | 27 | |
| Fortress | 1 | |
| Beastiary | 9 | |
62 total
» build order
00:13 Orc Burrow
00:38 Altar of Storms
00:43 Orc Burrow
01:04 Barracks
01:08 Orc Burrow
02:15 Voodoo Lounge
03:09 War Mill
04:51 Great Hall
04:57 Stronghold
05:35 Orc Burrow
06:01 Watch Tower
06:01 Watch Tower
06:02 Watch Tower
06:02 Watch Tower
07:24 Fortress
08:31 Beastiary
08:32 Beastiary
08:34 Beastiary
08:55 Beastiary
09:55 War Mill
11:39 Orc Burrow
12:12 Watch Tower
12:15 Watch Tower
13:48 Watch Tower
13:51 Watch Tower
13:51 Watch Tower
15:53 Orc Burrow
15:54 Watch Tower
17:38 Watch Tower
17:41 Watch Tower
17:41 Watch Tower
17:42 Watch Tower
17:42 Watch Tower
19:46 Orc Burrow
19:49 Orc Burrow
22:12 Great Hall
22:14 Watch Tower
22:14 Watch Tower
22:15 Watch Tower
22:15 Watch Tower
23:17 Watch Tower
23:18 Watch Tower
23:21 Watch Tower
23:21 Watch Tower
23:24 Watch Tower
23:24 Watch Tower
23:27 Watch Tower
23:27 Watch Tower
23:33 Voodoo Lounge
26:53 Great Hall
26:56 Great Hall
29:37 Barracks
29:38 Barracks
29:42 Barracks
29:44 Barracks
29:46 Barracks
29:48 Barracks
33:48 Beastiary
33:48 Beastiary
33:49 Beastiary
33:49 Beastiary
33:50 Beastiary
» items
| Healing Salve | 5 | |
| Orb of Lightning | 1 | |
| Potion of Healing | 5 | |
| Lesser Clarity Potion | 1 | |
| Potion of Mana | 3 | |
| Scroll of Town Portal | 5 | |
| Periapt of Vitality | 1 | |
| Boots of Speed | 1 | |
22 total
Newbs. (
yellow | 30 APM | 1138 actions | 37:44)
5 Mountain King
3 Storm Bolt
2 Bash
» actions
| Basic commands | 28 | |
| Build / train | 66 | |
| Enter build submenu | 19 | |
| Enter hero's abilities submenu | 5 | |
| Give item / drop item | 3 | |
| Right click | 623 | |
| Select / deselect | 294 | |
| Use ability | 100 | |
1138 total
» units
» upgrades
| Gunpowder | 3 | |
| Armor | 2 | |
| Masonry | 1 | |
| Lumber Harvesting | 1 | |
| Flare | 1 | |
| Fragmentation Shards | 1 | |
9 total
» buildings
| Farm | 7 | |
| Lumber Mill | 1 | |
| Scout Tower | 1 | |
| Arcane Tower | 1 | |
| Altar of Kings | 1 | |
| Blacksmith | 1 | |
| Keep | 2 | |
| Workshop | 4 | |
| Castle | 1 | |
| Town Hall | 1 | |
20 total
» build order
00:30 Farm
00:44 Lumber Mill
01:30 Scout Tower
01:39 Farm
01:56 Arcane Tower
02:05 Altar of Kings
02:19 Blacksmith
02:55 Keep
02:55 Keep
03:08 Farm
03:34 Farm
04:19 Farm
05:19 Workshop
05:21 Workshop
05:24 Castle
05:26 Workshop
05:36 Workshop
05:46 Farm
08:02 Farm
15:45 Town Hall
» items
| Circlet of Nobility | 2 | |
| Boots of Speed | 1 | |
| Scroll of Town Portal | 1 | |
| Scroll of Healing | 1 | |
| Healing Salve | 1 | |
6 total
Chat log
(00:28 / All) FREAK-DOT: do u guys feel less lag
(00:30 / All) CHUCKsuicide: wow
(00:32 / All) FREAK-DOT: they fixed it
(01:16 / Allies) CHUCKsuicide: that's my expo
(02:31 / Allies) FREAK-DOT: green
(02:32 / Allies) FREAK-DOT: hit top
(02:35 / Allies) FREAK-DOT: k?
(02:37 / Allies) Anthony: why
(02:43 / Allies) FREAK-DOT: cuz i said
(02:45 / Allies) Anthony: you hack ? lol
(02:49 / Allies) CHUCKsuicide: he said so ashole
(02:50 / Allies) FREAK-DOT: come
(02:50 / Allies) CHUCKsuicide: do it
(04:03 / All) FREAK-DOT: out green
(04:27 / All) CHUCKsuicide: first game without latency and I totally fuck my build
(04:27 / Allies) Anthony: i need heal
(04:32 / Allies) Anthony: didnt get a shop fast enoguh
(05:16 / Allies) x_TRiPPiNiNjA_x: seems like its almost 0 ms now
(05:24 / Allies) Anthony: come teal
(06:02 / Allies) FREAK-DOT: wood
(06:29 / All) fgg: yea see all right?
(06:30 / Allies) x_TRiPPiNiNjA_x: i cleared u an expo if u want green
(06:41 / Allies) Anthony: killed a twoer and 4 peasents lol
(06:47 / All) fgg: fuckin nabs
(06:53 / All) Anthony: who
(06:58 / All) fgg: the 2 shit bm users?
(07:09 / All) Anthony: LMao
(07:13 / All) Anthony: were noobs?
(07:42 / All) fgg: ye teal hacks bad
(07:51 / All) Anthony: you shouldn't have a problem beating us if wer efucking newbs
(07:54 / Allies) FREAK-DOT: green
(07:55 / Allies) FREAK-DOT: come
(07:57 / Allies) FREAK-DOT: hit with me
(07:59 / All) fgg: just lame
(08:21 / Allies) x_TRiPPiNiNjA_x: they have to much
(08:25 / Allies) Anthony: lmao thanks pink
(08:31 / Allies) x_TRiPPiNiNjA_x: wtf u run in
(08:33 / Allies) x_TRiPPiNiNjA_x: they had more
(08:49 / Allies) Anthony: why not run into my base...
(08:51 / Allies) Anthony: whyd you lead them to yours
(09:03 / All) FREAK-DOT: oj lawl
(09:08 / All) fgg: ?
(09:43 / Allies) Anthony: red sucsk
(09:47 / Allies) x_TRiPPiNiNjA_x: no aa
(09:48 / Allies) FREAK-DOT: someone hit them
(09:48 / Allies) x_TRiPPiNiNjA_x: lol
(09:55 / Allies) FREAK-DOT: hit so i can bat
(10:10 / Allies) CHUCKsuicide: hit top
(10:26 / Allies) x_TRiPPiNiNjA_x: he got hippos now
(10:36 / Allies) Anthony: burows
(12:36 / Allies) x_TRiPPiNiNjA_x: lol
(12:40 / Allies) Anthony: holy hsit
(12:41 / Allies) Anthony: mass mort
(12:56 / All) fgg: rofl
(13:01 / All) fgg: such a pos cheater
(14:59 / Allies) Anthony: gold plz
(15:53 / All) fgg: cheats at a game thats like 20 yr old
(16:00 / All) FREAK-DOT: dude im not cheating lawl
(16:05 / All) FREAK-DOT: ur following me like a little kid
(16:11 / All) fgg: right u have ward everywhere
(16:34 / Allies) FREAK-DOT: can u guys plz hit top
(16:36 / Allies) FREAK-DOT: i mean
(16:40 / All) CyberWarlord: raped lol
(16:44 / Allies) Anthony: gj red
(16:48 / All) Anthony: GJ red
(17:06 / All) CyberWarlord: oooo
(17:14 / All) CHUCKsuicide: chimbot lol
(17:30 / All) CyberWarlord: delay fix help u if that the case
(17:41 / All) FREAK-DOT: this team wont hit top
(18:07 / All) FREAK-DOT: i cant outright 1v2 2 nubs like yellow and oj
(18:09 / All) CyberWarlord: thot I was level 6
(18:20 / All) fgg: yea yellow killed u on his own?
(18:21 / All) CyberWarlord: there we go
(18:35 / All) FREAK-DOT: oj ur a nub
(18:41 / All) Newbs.: TRUE
(18:44 / All) fgg: but im not cheating?
(18:48 / All) Newbs.: I took two of you newbs out
(18:50 / All) FREAK-DOT: even yellow says ur anub
(18:53 / All) Newbs.: you lost after that
(19:43 / Allies) FREAK-DOT: why arent u guys hitting top
(19:44 / Allies) FREAK-DOT: jesus
(19:46 / Allies) FREAK-DOT: im 1v2ing
(21:28 / All) Newbs.: orange is garbage
(21:29 / All) CyberWarlord: taking bottom expo
(21:32 / All) Newbs.: newb we have to carry
(21:34 / All) CyberWarlord: by green
(21:35 / All) FREAK-DOT: oj so parnaoid about me lawl
(21:36 / All) CHUCKsuicide: you're trash yellow lol
(21:36 / All) CyberWarlord: near the river
(21:45 / All) CyberWarlord: sigh
(21:46 / All) Anthony: Idk why youre talking shit reed lmao
(21:49 / All) Anthony: I gave you props
(21:50 / All) Newbs.: orange is collecting coins
(21:53 / All) Newbs.: a gimp
(22:03 / All) fgg: yea i spent all game defending yellow and his mort vs air
(22:08 / All) fgg: comedy
(22:10 / All) Newbs.: this bitch is still maing rifles
(22:13 / All) FREAK-DOT: i was 1v2ing top all game
(22:14 / All) Newbs.: with his 4000 gold
(22:20 / All) Newbs.: orange has brain cancer
(22:53 / All) Newbs.: who masses 4000 gold like orange and still just making rilfes
(22:56 / All) Newbs.: rifles
(23:01 / All) Newbs.: only a brain cancer newb
(23:08 / All) fgg: right
(23:11 / All) CyberWarlord: am I to understand that rifles are not a good unit?
(23:12 / All) fgg: and u lost to 8 bats
(23:15 / All) fgg: and a mh bm
(23:27 / All) FREAK-DOT: so did u oj. u never helped ur team one bit lawl
(23:32 / All) Newbs.: someone tell orange he has brain disease
(23:37 / All) FREAK-DOT: i 1v2 2 players like i said
(23:40 / All) fgg: yea i didnt spend half the game saving yellow shit
(23:46 / All) FREAK-DOT: yellow was the better player
(23:49 / All) FREAK-DOT: he actually did something
(23:52 / All) FREAK-DOT: he took out my base
(23:53 / All) fgg: and thats why ur dumb
(23:54 / All) Newbs.: TRUE
(23:58 / All) Newbs.: I took out two bases
(24:08 / All) CyberWarlord: busy bee green
(24:48 / All) FREAK-DOT: i respect yellow
(24:51 / All) FREAK-DOT: u just suck oj
(24:55 / All) Newbs.: ahahahahh
(24:59 / All) Newbs.: Truth Be TOLD
(25:00 / All) fgg: lol u respect people so much
(25:06 / All) fgg: anyone gives a shit right?
(25:10 / All) FREAK-DOT: u didnt do shit all game. yellow took out 2 bases
(25:11 / All) Newbs.: The TRUTH Shall Set you FREE
(25:15 / All) CyberWarlord: don't even think about it bub
(25:20 / All) fgg: yea keep typing and being a mh'r
(25:55 / All) CyberWarlord: really lucky
(26:12 / Allies) FREAK-DOT: finish it pink
(26:20 / All) CyberWarlord: something went haywire
(26:23 / All) CyberWarlord: saved your life green
(26:39 / All) CyberWarlord: but not for long
(27:05 / All) kyenichi: GG
(27:30 / All) fgg: red why?
(27:42 / All) fgg: wow red is even tking
(28:01 / All) fgg: ah ur prob the inbred mh friend right?
(28:09 / All) FREAK-DOT: lawl
(28:46 / All) fgg: sad red
(28:53 / All) fgg: u waited for 20 mins to tk
(28:58 / All) FREAK-DOT: leave plz . oj nub
(28:59 / All) Anthony: lmao
(29:06 / All) fgg: haha mh calling people newb
(29:08 / All) Anthony: tahs pretty bad ass on reds part..he is pretty good
(29:22 / All) Anthony: teals good too
(29:35 / All) fgg: ye his mh did well
(29:58 / All) FREAK-DOT: lol
(30:05 / All) FREAK-DOT: u guys have to watch game
(30:08 / All) FREAK-DOT: he literally was so paranoid
(30:09 / All) FREAK-DOT: of my bats
(30:29 / All) Newbs.: the both of you
(30:36 / All) Newbs.: I blew both of you UP
(30:46 / All) Newbs.: NUKE the both of you
(30:51 / All) FREAK-DOT: u had an ally defend ur base tho i didnt
(31:02 / All) Newbs.: not at first
(31:10 / All) Newbs.: orange has brain Cancer
(31:14 / All) FREAK-DOT: well i batted u rhall and workshops then oj never left ur base
(31:16 / All) FREAK-DOT: he was stupid
(31:18 / All) FREAK-DOT: neve rhelped ur team
(31:19 / All) Newbs.: red is probably one of your slave queers
(31:21 / All) CyberWarlord: oh shit purple been a busy bee
(31:23 / All) Newbs.: wants you to win
(31:26 / All) FREAK-DOT: if oj let me kill u outright u guys woulda won
(31:38 / All) Newbs.: if red lets your side win
(31:45 / All) Newbs.: red is spreading his ass cheeks for you
(31:55 / All) Anthony: dont be jealous
(31:57 / All) Newbs.: red just might be your bitch
(32:08 / All) Newbs.: homos don't go to HEAVEN
(32:12 / All) Anthony: lmao
(32:17 / All) Anthony: Gotta bring god into it?
(32:18 / All) Anthony: why
(32:19 / All) Newbs.: Ask The LORD JESUS CHRIST
(32:29 / All) Anthony: you must be one of those christian extremist
(32:33 / All) Newbs.: Written in THE HOLY MY BIBLE
(32:42 / All) Newbs.: kid, you don't know nothing
(32:47 / All) CyberWarlord: pink ur poison pur
(32:48 / All) Anthony: I have a news flash for you...i was brought up catholic nad stil belive in some of it but tehres no such thing as heaven and he
(32:51 / All) Newbs.: get some Knowledge
(33:04 / All) Anthony: lmao go on a spiritual journey nad open your third eye..youll realize...
(33:07 / All) Newbs.: then you haven't DIED
(33:08 / Allies) Anthony: all religion is bullshit
(33:13 / All) Anthony: all religion is bullshit
(33:21 / All) Anthony: and yes ihvae had multiple near death experiances
(33:23 / All) Newbs.: DIE come back and tell ME
(33:35 / All) Anthony: you goto "heaven" when you die yes but its not like they say it...
(33:45 / All) Anthony: People dont just goto hell cause theyre not christian
(33:51 / All) Newbs.: hush newb
(33:55 / All) Newbs.: you haven't seen nothing
(33:56 / All) Anthony: 75 percent of the world isnt going to burn in hell becaseu they dont read the bible
(33:59 / All) Anthony: fucking idiiot
(34:01 / All) CyberWarlord: didn't even realize purple had a basel ol
(34:11 / All) Newbs.: how do you know if you haven 't DIED newb
(34:27 / All) Anthony: i just told you i have had near death experinces
(34:30 / All) Anthony: go head and tell me what you saw
(34:34 / All) Newbs.: oh yes, you are reds MASTER for sure
(34:35 / All) Anthony: THat made you belive
(34:42 / All) Newbs.: this fag is fighting for your team
(34:51 / All) Newbs.: gays don't go to HEAVEN
(34:55 / All) Newbs.: BIBLE CODE
(36:01 / All) CyberWarlord: raped lol
(36:07 / All) CyberWarlord: pure rape
(36:40 / All) Anthony: hey you killed my hero :(
(36:40 / All) CyberWarlord: punk bitch
(36:44 / All) Newbs.: red is your homosexual buddy, is going to let you win, red is submissive to you
(36:53 / All) Newbs.: you are reds MASTER
(36:59 / All) Anthony: and your a fucking christian extermist bitch
(37:05 / All) CyberWarlord: your serpent tongue does not work on us
(37:08 / All) CyberWarlord: you devil worshiper
(37:08 / All) Anthony: close minding fuck
(37:13 / All) CyberWarlord: go to hell with your master satan!
(37:20 / All) Newbs.: fags like you and red don't go to HEAVEN
(37:24 / All) Newbs.: BIBLE CODES
(37:26 / All) Newbs.: AMEN
(37:32 / All) Newbs.: ASK THE LORD JESUS CHRIST
(37:45 / All) kyenichi: i go afk good luck
(37:52 / All) kyenichi: haha
(38:32 / Allies) Anthony: wyd blue
(39:38 / All) CyberWarlord: purple somehow has 800 games + played
(39:51 / All) CyberWarlord: he probably thinks he's good with being ranked level 28
(39:59 / All) CyberWarlord: he got his shit pushed in
(40:51 / All) Anthony: Red Why do you spread your towers out like that?
(40:56 / All) Anthony: serious question
(41:00 / All) Anthony: are they more effective that way
(41:04 / All) CyberWarlord: so they can't get frosted
(41:09 / All) Anthony: interesting
(41:41 / All) Anthony: but there was no undead in this map silly goose
(41:47 / All) CyberWarlord: habit
(41:49 / All) Anthony: lol
(42:05 / All) Anthony: what about defense agaisnt mass mortar :/
(42:10 / All) kyenichi: i go sleep for a little
(42:15 / All) CyberWarlord: need sentry ward
(42:24 / All) CyberWarlord: you see my whispers?
(42:29 / All) Anthony: Whos tking who lol
(42:45 / All) Anthony: red you killing purple or nah
(43:30 / All) kyenichi: haha red u suck
(43:34 / All) Anthony: bro
(43:38 / All) Anthony: hes ten times better than you lol
(43:51 / All) CyberWarlord: staff
(44:11 / All) Anthony: You dont like illusion for blade towards end?
(44:20 / All) CyberWarlord: why he leave already
(44:23 / All) Anthony: I always thought it was effective when fighting armies beacuse they get confused
(44:35 / All) CyberWarlord: dunno
(44:36 / All) CyberWarlord: lol
(44:40 / All) CyberWarlord: no idea whatsoever
(44:45 / All) CyberWarlord: mirror sucks
(44:52 / All) CyberWarlord: 125 mana wind walk better
(44:52 / All) Anthony: where you from Cyber
(45:08 / All) CyberWarlord: Indiana
(45:13 / All) Anthony: Bobby knight fan?
(45:36 / All) Anthony: I djed somewhere out there when i was on tour once
(45:47 / All) Anthony: midwest people are very ..white lol
(45:59 / All) FREAK-DOT: STANDOFF DONE OUR SIDE
(46:06 / All) CyberWarlord: Yeah Bobby Knight was awesome
(46:17 / All) Anthony: choked out that player lmao
(46:53 / All) Anthony: search again?
(46:57 / All) Anthony: or AT?
(46:59 / All) FREAK-DOT: or leave wc3 on all night
(47:03 / All) FREAK-DOT: red gonna leave in 5 min
(47:13 / All) FREAK-DOT: person who leaves internet on longest wins
(47:19 / Allies) Anthony: why you tk us then
(47:21 / Allies) Anthony: we coulda won...